AoeStats
← 从不压堡之人

Black Forest

508904933Analyzed
4v4 RM · 8d ago on Sep 24, 2026· 79m 34s· 8 players
Game mode
Random Map
Map size
Large (8 player)
Population
200
Speed
Normal
Resources
Standard
Victory
Conquest
Starting age
Dark Age
Ending age
Imperial Age
RankedLock teamsTeams togetherTeam positionsShared explorationLock speedFull tech treeHidden civsTurbo modeCheats
Victory
Defeat
🇸🇰 Celts · Slovakia
1134
+12
🇸🇰 Bohemians · Slovakia
1131
+12
🇸🇰 Britons · Slovakia
1038
+16
🇸🇰 Wei · Slovakia
1025
+18
🇨🇳 Bohemians · China
1100
-17
🇨🇳 Spanish · China
1072
-15
🇨🇳 Wei · China
1006
-13
1003
-13
durinikjakub1
12:28 Feudal Age
13:24 Double-Bit Axe
15:57 Castle Age
14:58 Horse Collar
15:14 Gold Mining
17:00 Bow Saw
21:07 Heavy Plow
26:35 Tuntian
27:42 Gold Shaft Mining
28:24 Wheelbarrow
29:30 Caravan
30:04 Forging
32:57 Imperial Age
31:17 Bloodlines
31:08 Husbandry
31:27 Scale Barding Armor
31:58 Iron Casting
32:20 Hand Cart
32:25 Stone Mining
34:17 Crop Rotation
33:13 Heavy Hei Guang Cavalry
36:01 Blast Furnace
35:21 Chain Barding Armor
34:53 Fletching
38:19 Bodkin Arrow
38:25 Padded Archer Armor
39:47 Ballistics
40:28 Chemistry
39:09 Treadmill Crane
44:19 Thumb Ring
44:40 Parthian Tactics
48:44 Bracer
48:59 Leather Archer Armor
50:37 Light Cavalry
53:55 Hussar
57:14 Ring Archer Armor
61:04 Elite Skirmisher
72:08 Loom
SkalloSVK
0:38 Loom
7:14 Loom
10:10 Feudal Age
10:58 Feudal Age
14:36 Castle Age
12:55 Double-Bit Axe
16:11 Wheelbarrow
16:11 Bow Saw
16:08 Horse Collar
23:13 Hand Cart
24:06 Heavy Plow
23:54 Town Watch
29:00 Imperial Age
27:22 Town Patrol
27:17 Fletching
27:27 Padded Archer Armor
29:29 Chemistry
28:51 Ballistics
28:44 Bodkin Arrow
29:04 Leather Archer Armor
29:03 Masonry
29:15 Pikeman
29:55 Squires
29:57 Scale Mail Armor
30:07 Forging
30:01 Halberdier
32:02 Two-Man Saw
31:22 Caravan
33:12 Siege Engineers
34:12 Devotion
33:52 Houfnice
35:59 Bracer
36:29 Ring Archer Armor
36:15 Chain Mail Armor
36:35 Iron Casting
36:27 Elite Skirmisher
42:56 Conscription
42:46 Wagenburg Tactics
44:25 Plate Mail Armor
44:55 Blast Furnace
52:26 Scale Barding Armor
51:50 Crossbowman
54:07 Architecture
53:14 Cavalier
53:58 Husbandry
53:18 Light Cavalry
54:22 Chain Barding Armor
60:11 Heresy
phesant_SK
2:01 Loom
12:23 Feudal Age
16:11 Castle Age
14:24 Double-Bit Axe
15:43 Town Watch
17:42 Bow Saw
20:38 Scale Mail Armor
21:05 Horse Collar
22:15 Gambesons
24:16 Pikeman
24:44 Man-at-Arms
26:28 Chain Mail Armor
36:11 Imperial Age
34:46 Caravan
35:23 Fervor
36:16 Fletching
36:26 Padded Archer Armor
36:54 Ballistics
36:45 Masonry
36:47 Fortified Wall
36:41 Elite Skirmisher
38:15 Devotion
43:09 Capped Ram
43:57 Light Cavalry
44:44 Scale Barding Armor
44:51 Forging
46:51 Chain Barding Armor
47:07 Iron Casting
46:40 Hussar
47:41 Heavy Plow
49:05 Husbandry
59:12 Chain Barding Armor
59:04 Stone Mining
62:40 Wheelbarrow
62:32 Conscription
62:06 Stronghold
65:07 Iron Casting
67:06 Siege Ram
67:09 Onager
79:38 Plate Mail Armor
80:09 Blast Furnace
kosspavol222
0:31 Loom
12:19 Feudal Age
16:58 Castle Age
15:12 Horse Collar
23:53 Wheelbarrow
26:05 Heavy Plow
27:37 Double-Bit Axe
29:02 Padded Archer Armor
28:52 Fletching
29:29 Bow Saw
29:44 Hand Cart
29:17 Town Watch
30:10 Bodkin Arrow
30:47 Ballistics
30:39 Fortified Wall
34:20 Imperial Age
32:45 Leather Archer Armor
34:29 Murder Holes
35:35 Conscription
35:52 Town Patrol
35:27 Elite Longbowman
37:23 Chemistry
37:58 Warwolf
38:03 Bracer
38:33 Ring Archer Armor
41:05 Ring Archer Armor
41:40 Yeomen
41:23 Pikeman
42:31 Halberdier
43:58 Scale Mail Armor
44:09 Forging
48:27 Chain Mail Armor
48:48 Iron Casting
54:07 Plate Mail Armor
54:38 Blast Furnace
55:26 Elite Skirmisher
57:46 Squires
从不压堡之人
11:14 Feudal Age
12:22 Double-Bit Axe
14:53 Castle Age
13:01 Horse Collar
17:08 Bow Saw
18:20 Loom
19:42 Wheelbarrow
22:19 Hand Cart
24:15 Caravan
24:10 Gold Mining
24:10 Stone Mining
26:00 Stone Shaft Mining
26:15 Town Watch
27:13 Heavy Plow
31:24 Imperial Age
28:47 Fletching
29:03 Scale Barding Armor
30:02 Sanctity
29:53 Fervor
29:54 Redemption
30:30 Coinage
30:24 Town Patrol
30:26 Bodkin Arrow
30:52 Ballistics
30:53 Chain Barding Armor
31:29 Husbandry
31:39 Bloodlines
31:40 Inquisition
32:40 Theocracy
32:20 Block Printing
32:40 Theocracy
32:31 Illumination
32:19 Guilds
33:32 Bracer
34:07 Plate Barding Armor
33:57 Atonement
33:57 Devotion
34:20 Conscription
35:10 Chemistry
34:02 Guard Tower
35:16 Elite Conquistador
37:20 Two-Man Saw
36:20 Arrowslits
36:30 Murder Holes
36:47 Masonry
37:17 Keep
36:50 Padded Archer Armor
38:02 Leather Archer Armor
41:30 Ring Archer Armor
44:27 Capped Ram
45:34 Bombard Tower
45:45 Architecture
45:27 Fortified Wall
45:12 Siege Ram
49:04 Banking
52:45 Supremacy
53:00 Hoardings
51:56 Sappers
63:00 Spies/Treason
65:41 Heavy Mounted Crossbowman
66:30 Thumb Ring
66:28 Scale Mail Armor
66:38 Forging
70:14 Cavalier
71:33 Iron Casting
73:51 Paladin
75:50 Blast Furnace
洗心革面重新做人TownYan
9:55 Feudal Age
13:44 Castle Age
12:16 Double-Bit Axe
13:16 Horse Collar
15:38 Wheelbarrow
15:43 Wheelbarrow
19:15 Bow Saw
24:10 Hand Cart
24:14 Loom
24:15 Town Watch
24:15 Loom
24:33 Heavy Plow
25:50 Fortified Wall
26:10 Gold Mining
30:02 Imperial Age
27:35 Caravan
29:31 Scale Mail Armor
29:41 Forging
30:54 Gold Shaft Mining
30:09 Stone Mining
30:54 Chain Mail Armor
30:11 Onager
30:59 Siege Engineers
31:57 Chemistry
31:20 Conscription
32:00 Iron Casting
31:12 Arson
32:34 Hoardings
32:12 Masonry
33:06 Furor Celtica
32:39 Siege Onager
33:42 Town Patrol
34:43 Plate Mail Armor
35:13 Blast Furnace
35:15 Ballistics
34:54 Murder Holes
35:33 Furor Celtica
35:42 Furor Celtica
35:09 Elite Woad Raider
36:50 Capped Ram
37:34 Siege Ram
40:55 Stronghold
40:56 Fletching
41:01 Heavy Scorpion
41:59 Bodkin Arrow
41:47 Pikeman
44:04 Halberdier
50:21 Guilds
我怕你审判长?
11:15 Feudal Age
14:57 Castle Age
12:45 Double-Bit Axe
17:22 Bow Saw
16:54 Horse Collar
17:37 Heavy Plow
22:20 Gold Mining
22:49 Stone Mining
26:52 Gold Shaft Mining
26:53 Stone Shaft Mining
27:42 Wheelbarrow
27:26 Caravan
31:04 Imperial Age
28:21 Loom
29:13 Stone Shaft Mining
30:29 Scale Barding Armor
30:34 Forging
30:38 Tuntian
31:51 Chain Barding Armor
31:16 Treadmill Crane
31:20 Onager
33:17 Iron Casting
33:15 Ming Guang Armor
33:10 Conscription
33:07 Bloodlines
32:57 Husbandry
32:53 Heavy Hei Guang Cavalry
34:31 Ballistics
35:11 Chemistry
36:00 Blast Furnace
35:38 Crop Rotation
39:58 Elite Tiger Cavalry
54:19 Masonry
56:09 Spies/Treason
61:14 Coinage
63:15 Banking
66:22 Light Cavalry
70:06 Hand Cart
69:37 Town Watch
LLK是给
0:39 Loom
11:21 Feudal Age
12:12 Double-Bit Axe
12:10 Horse Collar
15:10 Town Watch
19:26 Wheelbarrow
22:50 Castle Age
22:59 Forging
25:14 Fletching
25:50 Bow Saw
32:10 Imperial Age
30:09 Scale Barding Armor
30:52 Heavy Plow
31:19 Caravan
33:25 Chemistry
32:38 Bodkin Arrow
34:55 Hand Cart
35:24 Padded Archer Armor
35:53 Wagenburg Tactics
36:17 Conscription
37:03 Bracer
39:28 Two-Man Saw
39:24 Masonry
39:41 Scale Barding Armor
39:10 Houfnice
40:01 Siege Engineers
40:41 Architecture
40:39 Leather Archer Armor
41:28 Iron Casting
41:14 Chain Barding Armor
40:19 Light Cavalry
40:59 Husbandry
40:37 Elite Hussite Wagon
42:04 Ring Archer Armor
43:11 Bombard Tower
46:02 Blast Furnace
46:07 Guilds
46:28 Coinage
49:54 Husbandry
51:19 Scale Mail Armor
52:09 Banking
57:16 Chain Mail Armor
58:58 Pikeman
59:38 Squires
60:11 Plate Mail Armor
61:44 Guard Tower
62:15 Ballistics
61:40 Arrowslits
62:08 Careening
61:56 Murder Holes
62:52 Halberdier
63:18 Arson
66:15 Fervor
66:27 Sanctity
67:09 Town Patrol
67:10 Onager
68:31 Keep
Connection lost

Rejoining the realm…

Still unreachable

The connection could not be restored.

Session expired

The server has moved on; the page needs a fresh start.